 Dungeon Crawl Stone Soup version 0.29.1-2-gbd0b4ee654 (webtiles) character file.

Game seed: 18293747035844436906

2702 Icepheonix32 the Nimble (level 9, -1/79 HPs)
             Began as an Octopode Transmuter on Nov 18, 2022.
             Was an Initiate of Gozag.
             Slain by a wight
             ... wielding a +3 flail
              (4 damage)
             ... on level 7 of the Dungeon.
             The game lasted 00:14:55 (8879 turns).

Icepheonix32 the Nimble (Octopode Transmuter)       Turns: 8879, Time: 00:14:57

Health: -1/79      AC: 24    Str: 11    XL:     9   Next: 65%
Magic:  10/12      EV:  2    Int: 18    God:    Gozag
Gold:   1039       SH:  0    Dex: 12    Spells: 6/12 levels left

rFire   . . .      SeeInvis .     - Unarmed
rCold   . . .      Faith    .   (no shield)
rNeg    . . .      Spirit   .   (helmet currently unavailable)
rPois   +          Reflect  .   (no amulet)
rElec   .          Harm     .   (no ring)
rCorr   .          Rampage  .   (no ring)
Will    .....      Clarity  +   (no ring)
Stlth   +......... NoTele   +   (no ring)
HPRegen 0.23/turn               (no ring)
MPRegen 0.13/turn               (no ring)
                                (no ring)
                                (no ring)

@: lethally poisoned (-1 -> -15), tree-form, wereblooded
A: stationary, stasis, torment immunity, boosted hp, almost no armour,
(amphibious), 8 rings, (camouflage 1), (gelatinous body 1), (nimble swimmer 1),
(tentacles), (tentacle spike 1), (iridescent scales 1), clarity
a: Renounce Religion, Potion Petition, Call Merchant, Bribe Branch


You were on level 7 of the Dungeon.
You worshipped Gozag.
Gozag was most pleased with you.
You were a tree.
You visited 2 branches of the dungeon, and saw 8 of its levels.
You also visited: Ossuary.

You collected 1109 gold pieces.
You paid 70 gold pieces to Gozag.

Inventory:

Missiles
 r - 18 poisoned darts
Jewellery
 o - a ring of ice
Wands
 j - a wand of charming (9)
 n - a wand of roots (22)
 p - a wand of digging (5)
 s - a wand of flame (10)
Scrolls
 d - 4 scrolls of teleportation
 f - a scroll of silence
 g - 3 scrolls of immolation
 i - a scroll of enchant armour
 k - 2 scrolls of blinking
 m - a scroll of magic mapping
 t - a scroll of poison
Potions
 b - a potion of might
 c - a potion of attraction
 e - 3 potions of mutation
 h - a potion of curing {unknown}
 l - 2 potions of brilliance {unknown}
 q - 2 potions of heal wounds {unknown}


   Skills:
 - Level 1.0 Fighting
 + Level 1.0 Throwing
 * Level 10.2 Dodging
 - Level 5.0 Unarmed Combat
 - Level 2.0 Spellcasting
 * Level 6.6 Transmutations
 + Level 1.9 Poison Magic
 + Level 1.6 Evocations


You had 6 spell levels left.
You knew the following spells:

 Your Spells              Type           Power      Damage    Failure   Level
a - Beastly Appendage     Tmut           50%        N/A       1%          1
b - Spider Form           Tmut/Pois      17%        N/A       10%         3
c - Wereblood             Tmut           25%        N/A       1%          2

Your spell library contained the following spells:

 Spells                   Type           Power      Damage    Failure   Level
 Poisonous Vapours        Pois/Air       10%        N/A       19%         2
 Static Discharge         Conj/Air       1%         3-4/arc   26%         2
 Blade Hands              Tmut           12%        N/A       32%         5
 Ice Form                 Ice/Tmut       13%        N/A       41%         4
 Call Canine Familiar     Summ           1%         N/A       47%         3
 Portal Projectile        Hex/Tloc       2%         N/A       47%         3
 Summon Guardian Golem    Hex/Summ       1%         N/A       47%         3
 Tukima's Dance           Hex            1%         N/A       47%         3
 Dispel Undead            Necr           1%         3d6       87%         4
 Leda's Liquefaction      Hex/Erth       0%         N/A       87%         4
 Sticky Flame             Conj/Fire      1%         2d3       87%         4
 Orb of Destruction       Conj           0%         9d5       100%        7
 Spellforged Servitor     Conj/Summ      0%         N/A       100%        7
 Corpse Rot               Necr/Pois/Air  Unusable   N/A       N/A         4

Dungeon Overview and Level Annotations

Branches:
Dungeon (7/15)             Temple (1/1) D:4         Ossuary (visited)

Altars:
Ashenzari
Cheibriados
Dithmenos
Elyvilon
Fedhas
Gozag
Makhleb
Nemelex Xobeh
Okawaru
Qazlal
Ru
Sif Muna
Trog
Uskayaw
Vehumet
Xom
Yredelemnul
The Shining One

Shops:
D:4 :   D:6 [


Innate Abilities, Weirdness & Mutations

You are a tree.
Your roots penetrate the ground, keeping you stationary.
You cannot be teleported.
You are immune to unholy pain and torment.
Your maximum health is greatly increased.
You cannot wear most types of armour.
((You are amphibious.))
You can wear up to eight rings at the same time.
((Your skin changes colour to match your surroundings (Stealth+).))
((Your rubbery body absorbs attacks. (AC +1, EV +1)))
((You are camouflaged when in or above water. (Stealth+)))
((You have tentacles for arms and can constrict up to eight enemies at once.))
((One of your tentacles bears a spike.))
((You are partially covered in iridescent scales. (AC +2)))
You possess an exceptional clarity of mind.


Message History

The water moccasin attacks as you move away!
The water moccasin misses you.
The water moccasin completely misses you.
The water moccasin bites you!
You are poisoned.
The water moccasin poisons you!
There is an open door here.
There are monsters nearby!
Unknown command.
Your blood is infused with primal strength.
You feel very sick.
The water moccasin bites you but does no damage.
The water moccasin closely misses you.
You barely miss the water moccasin. You grab the water moccasin.
You pierce the water moccasin, but do no damage.
Your squeeze misses the water moccasin.
You constrict the water moccasin, but do no damage.
You feel sick. The water moccasin barely misses you.
You barely miss the water moccasin. You constrict the water moccasin.
You feel sick. The water moccasin bites you.
You tentacle-slap the water moccasin.
You pierce the water moccasin, but do no damage.
You squeeze the water moccasin.
The water moccasin is moderately wounded.
You constrict the water moccasin.
You feel sick. The water moccasin bites you.
You completely miss the water moccasin.
The water moccasin is heavily wounded.
You constrict the water moccasin.
You feel sick. The water moccasin bites you!
You are more poisoned.
The water moccasin poisons you! The wight hits you with a +3 flail!!
* * * LOW HITPOINT WARNING * * *
The water moccasin closely misses you.
Really quaff the potion of lignification?
You turn into a tree.
Your roots penetrate the ground.
You lose your grip on the water moccasin.
* * * LOW HITPOINT WARNING * * *
You feel very sick. The wight hits you with a +3 flail.
You die...
Your body crumbles into a pile of gold.

............# #.#####
###+.+##....# #......
♣♣♣♣+♣♣♣♣...# #.....u
+.......'...##..####.
#.. ♣.#...#.♣...#..##
# #.. ♣ #._.#.♣...#.#
#...♣.#...#.♣...#.
#...+.......+.###.
+...♣♣♣♣♣♣♣♣♣## #
#......Sz....#
###............#
.........#######
z........# .....#####
.... ###


You could see a water moccasin and a wight.

Vanquished Creatures
  A troll (D:7)
  A wyvern (D:7)
  2 sky beasts
  2 black bears
  3 ice beasts
  2 phantoms (D:6)
  A centaur (D:6)
  A kobold brigand (D:5)
  A bullfrog (D:7)
  3 elf zombies (Ossuary)
  2 necrophages
  2 scorpions
  3 wights (D:6)
  2 centaur zombies (Ossuary)
  3 jellies
  2 orc priests (D:7)
  4 hounds
  An iguana (D:6)
  Natasha (D:2)
  3 hound zombies (Ossuary)
  3 mummies (Ossuary)
  Robin (D:2)
  6 gnolls (D:5)
  6 adders
  A white imp (D:6)
  2 adder zombies (Ossuary)
  2 worms
  3 dart slugs
  6 orcs
  6 bats
  4 endoplasms
  3 giant cockroaches
  A gnoll zombie (Ossuary)
  28 goblins
  12 hobgoblins
  5 jackals (D:2)
  14 kobolds
  2 quokkas (D:4)
  3 ball pythons
  4 frilled lizards
  A goblin zombie (Ossuary)
  2 hobgoblin zombies (Ossuary)
  5 jackal zombies (Ossuary)
  8 kobold zombies (Ossuary)
  3 quokka zombies (Ossuary)
  3 rats
  5 rat zombies (Ossuary)
179 creatures vanquished.

Vanquished Creatures (others)
  A gnoll (D:5)
1 creature vanquished.

Grand Total: 180 creatures vanquished

Notes
Turn   | Place    | Note
-------+----------+-------------------------------------------
     0 | D:1      | Icepheonix32 the Octopode Transmuter began the quest for
                  | the Orb.
     0 | D:1      | Reached XP level 1. HP: 13/13 MP: 3/3
   268 | D:1      | Reached XP level 2. HP: 10/18 MP: 3/5
  1337 | D:2      | Reached XP level 3. HP: 23/23 MP: 4/6
  1857 | D:2      | Noticed Robin
  1881 | D:2      | Gained mutation: You are partially covered in iridescent
                  | scales. (AC +2) [potion of mutation]
  1881 | D:2      | Gained mutation: You possess an exceptional clarity of
                  | mind. [potion of mutation]
  1881 | D:2      | Gained mutation: One of your tentacles bears a spike.
                  | [potion of mutation]
  1887 | D:2      | Killed Robin
  2167 | D:2      | Reached XP level 4. HP: 28/28 MP: 7/7
  2504 | D:2      | Noticed Natasha
  2514 | D:2      | Killed Natasha
  2968 | D:3      | Found a sparkling altar of Nemelex Xobeh.
  3330 | D:3      | Reached XP level 5. HP: 33/33 MP: 8/8
  3914 | D:4      | Reached skill level 3 in Dodging
  4002 | D:4      | Noticed a +0 falchion
  4002 | D:4      | Noticed a +0 falchion
  4004 | D:4      | Noticed a +0 short sword
  4007 | D:4      | Found Wojompia's Book Emporium.
  4007 | D:4      | Noticed a +0 short sword
  4007 | D:4      | Noticed a +0 spear
  4008 | D:4      | Noticed a +0 dagger
  4010 | D:4      | Noticed a +0 spear
  4012 | D:4      | Noticed a +0 dagger
  4026 | D:4      | Found a hide-covered altar of Uskayaw.
  4115 | D:4      | Found a staircase to the Ecumenical Temple.
  4168 | Temple   | Entered the Ecumenical Temple
  4351 | Temple   | Became a worshipper of Gozag Ym Sagoz the Greedy
  4625 | D:4      | Found a broken altar of Ashenzari.
  4629 | D:4      | Saw a vision of the Shoals and the Spider Nest.
  4629 | D:4      | Noticed a culicivora
  4629 | D:4      | Noticed a tarantella
  4629 | D:4      | Noticed a wolf spider
  4629 | D:4      | Noticed a jumping spider
  4629 | D:4      | Noticed a culicivora
  4629 | D:4      | Noticed a wolf spider
  4629 | D:4      | Noticed a demonic crawler
  4629 | D:4      | Noticed a steelbarb worm
  4629 | D:4      | Noticed a culicivora
  4629 | D:4      | Noticed a demonic crawler
  4629 | D:4      | Noticed a redback
  4629 | D:4      | Noticed a manticore
  4629 | D:4      | Noticed a sea snake
  4629 | D:4      | Noticed a wind drake
  4629 | D:4      | Noticed a manticore
  4629 | D:4      | Noticed a wind drake
  4629 | D:4      | Noticed a water elemental
  4629 | D:4      | Noticed a merfolk impaler
  4630 | D:4      | Noticed a jumping spider
  4630 | D:4      | Noticed a culicivora
  4630 | D:4      | Noticed a merfolk
  4631 | D:4      | Noticed a redback
  4631 | D:4      | Noticed a jumping spider
  4631 | D:4      | Noticed a demonic crawler
  4632 | D:4      | Noticed a sun moth
  4632 | D:4      | Noticed a sea snake
  4635 | D:4      | Noticed a demonic crawler
  4635 | D:4      | Noticed a steelbarb worm
  5271 | D:5      | Entered Level 5 of the Dungeon
  5277 | D:5      | Reached skill level 5 in Unarmed Combat
  5277 | D:5      | Reached XP level 6. HP: 38/38 MP: 9/9
  5305 | D:4      | Learned a level 3 spell: Spider Form
  5308 | D:4      | Learned a level 2 spell: Wereblood
  5346 | D:5      | Reached skill level 4 in Dodging
  5592 | D:5      | Reached XP level 7. HP: 41/43 MP: 5/10
  5638 | D:5      | Reached skill level 5 in Dodging
  6131 | D:5      | Found a basalt altar of Yredelemnul.
  6344 | D:6      | Found a sand-covered staircase.
  6350 | Ossuary  | Entered an ossuary
  6387 | Ossuary  | Reached skill level 6 in Dodging
  6534 | Ossuary  | Reached XP level 8. HP: 32/48 MP: 11/11
  6795 | Ossuary  | Reached skill level 1 in Poison Magic
  6805 | Ossuary  | Reached skill level 7 in Dodging
  7110 | D:6      | Reached skill level 5 in Transmutations
  7122 | D:6      | Reached skill level 8 in Dodging
  7484 | D:6      | Found Rumepsoc's Armour Emporium.
  7561 | D:6      | Reached XP level 9. HP: 31/53 MP: 12/12
  7705 | D:6      | Reached skill level 9 in Dodging
  7705 | D:6      | Reached skill level 1 in Evocations
  7961 | D:6      | Reached skill level 1 in Throwing
  8502 | D:7      | Noticed a troll
  8524 | D:7      | Killed a troll
  8525 | D:7      | Reached skill level 10 in Dodging
  8540 | D:7      | Noticed a purple ugly thing
  8856 | D:7      | Found a shadowy altar of Dithmenos.
  8879 | D:7      | HP: 3/79 [poisoned by a water moccasin]
  8879 | D:7      | Slain by a wight

Illustrated notes

Levels and vault maps discovered:
D:1:      dpeg_arrival_simpleton_b, layout_basic
D:2:      layout_loops_ring, minmay_quadrilaterals, uniq_natasha, uniq_robin
D:3:      layout_basic, mainiacjoe_overflow_paths
D:4:      layout_loops_corners, nicolae_uskayaw_en_pointe,
          grunt_ashenzari_visionary [grunt_ashenzari_visionary_shoals,
          grunt_ashenzari_visionary_spider], temple_fountains, serial_shops,
          nicolae_shop_window_shopping, chequers_serial_rivers_small_b
D:5:      layout_rooms, marbit_many_paths
D:6:      corexii_shack_village, layout_basic, serial_shops,
          nicolae_shop_statue_plus, enter_ossuary_2,
          dreamdust_princess_corridor, kennysheep_generic_room_12
D:7:      layout_basic, tgw_kikubaaqudgha, mainiacjoe_overflow_six_doors_small,
          nzn_wu_jian_contemplation, minmay_fountain_box, minmay_manual_moon,
          uniq_crazy_yiuf_cottage
Temple:   oiseaux_autumnal_temple

Skill      XL: |  1  2  3  4  5  6  7  8  9 |
---------------+----------------------------+-----
Unarmed Combat | 4 5 |  5.0
Transmutations | 3 4 5 6 |  6.6
Dodging        | 3 4 6 8 10 | 10.2
Poison Magic   | 1 |  1.9
Evocations     | 1 |  1.6
Throwing       | 1 |  1.0
Fighting       | |  1.0
Spellcasting   | |  2.0

Action                   |  1- 3 |  4- 6 |  7- 9 || total
-------------------------+-------+-------+-------++-------
Melee: Unarmed           |    80 |   105 |   300 ||   485
       Kick              |    14 |    32 |   124 ||   170
       Constrict         |    17 |    23 |    59 ||    99
       Tentacles         |    10 |    18 |    70 ||    98
       Punch             |       |     2 |    10 ||    12
Throw: Dart              |       |       |     2 ||     2
 Cast: Beastly Appendage |    17 |       |       ||    17
       Wereblood         |       |     1 |    18 ||    19
       Spider Form       |       |     1 |     4 ||     5
Evoke: Wand              |     1 |     1 |     9 ||    11
  Use: Potion            |     4 |       |     4 ||     8
       Scroll            |       |     4 |     9 ||    13
 Stab: Sleeping          |     3 |    10 |     7 ||    20
       Distracted        |       |     1 |       ||     1
Armor: Skin              |    38 |    14 |    39 ||    91
Dodge: Dodged            |    34 |    58 |   231 ||   323
